 Dungeon Crawl Stone Soup version 0.29.1-2-gbd0b4ee654 (webtiles) character file.

Game seed: 10876672182679355265

2594 Icepheonix32 the Martial Artist (level 9, -3/53 HPs)
             Began as an Octopode Transmuter on Nov 20, 2022.
             Killed from afar by a centaur (14 damage)
             ... with a bolt of light
             ... on level 7 of the Dungeon.
             The game lasted 00:12:46 (8419 turns).

Icepheonix32 the Martial Artist (OpTm)              Turns: 8419, Time: 00:12:46

Health: -3/53      AC:  1    Str: 11    XL:     9   Next: 58%
Magic:  13/13      EV: 16    Int: 17    God:
Gold:   408        SH:  0    Dex: 19    Spells: 3/14 levels left

rFire   + . .      SeeInvis .     - Unarmed
rCold   . . .      Faith    .   (no shield)
rNeg    + . .      Spirit   .   (helmet restricted)
rPois   .          Reflect  .   (no amulet)
rElec   .          Harm     .   e - +6 ring of dexterity
rCorr   .          Rampage  .   n - ring of positive energy
Will    ++...                   (no ring)
Stlth   +++.......              (no ring)
HPRegen 0.17/turn               (no ring)
MPRegen 0.13/turn               (no ring)
                                (no ring)
                                (no ring)

@: no status effects
A: almost no armour, amphibious, 8 rings, camouflage 1, gelatinous body 1,
(nimble swimmer 1), tentacles, fire resistance 1, strong-willed 2, MP-powered
wands
a: no special abilities


You were on level 7 of the Dungeon.
You visited 2 branches of the dungeon, and saw 8 of its levels.
You also visited: Ossuary.

You collected 408 gold pieces.

Inventory:

Missiles
 l - 21 poisoned darts
 u - a boomerang
Magical Staves
 A - a staff of air
Jewellery
 e - a +6 ring of dexterity (left tentacle)
 n - a ring of positive energy (right tentacle)
Wands
 B - a wand of paralysis (9)
 D - a wand of polymorph (8)
Scrolls
 f - a scroll of amnesia
 h - a scroll of enchant weapon
 j - a scroll of blinking
 m - 6 scrolls of teleportation
 o - a scroll of enchant armour
 p - a scroll of magic mapping
 q - 3 scrolls of butterflies
 v - 2 scrolls of noise
 x - 2 scrolls of poison
 y - a scroll of fear
 F - 2 scrolls of silence
Potions
 a - 2 potions of lignification
 b - 2 potions of haste
 d - a potion of resistance
 i - a potion of curing
 k - 2 potions of attraction
 r - 4 potions of cancellation
 s - 2 potions of invisibility
 w - 3 potions of magic
 z - a potion of flight
 C - a potion of heal wounds
 E - 2 potions of berserk rage


   Skills:
 - Level 1.0 Fighting
 * Level 5.2 Dodging
 + Level 8.6 Unarmed Combat
 - Level 3.0 Spellcasting
 * Level 7.9 Transmutations
 - Level 3.0 Poison Magic


You had 3 spell levels left.
You knew the following spells:

 Your Spells              Type           Power      Damage    Failure   Level
a - Beastly Appendage     Tmut           58%        N/A       1%          1
b - Spider Form           Tmut/Pois      21%        N/A       5%          3
c - Wereblood             Tmut           29%        N/A       1%          2
d - Blade Hands           Tmut           14%        N/A       19%         5

Your spell library contained the following spells:

 Spells                   Type           Power      Damage    Failure   Level
 Apportation              Tloc           4%         N/A       17%         1
 Foxfire                  Conj/Fire      8%         2x1d4     17%         1
 Freeze                   Ice            8%         1d3       17%         1
 Conjure Flame            Conj/Fire      2%         6-21      45%         3
 Frozen Ramparts          Ice            4%         1d1       45%         3
 Inner Flame              Hex/Fire       2%         N/A       45%         3
 Ozocubu's Armour         Ice            2%         N/A       45%         3
 Portal Projectile        Hex/Tloc       4%         N/A       45%         3
 Stone Arrow              Conj/Erth      4%         3d7       45%         3
 Tukima's Dance           Hex            2%         N/A       45%         3
 Ice Form                 Ice/Tmut       16%        N/A       34%         4
 Flame Wave               Conj/Fire      2%         2d4       86%         4
 Hailstorm                Conj/Ice       2%         3d3       86%         4
 Manifold Assault         Tloc           2%         N/A       99%         5
 Metabolic Englaciation   Hex/Ice        1%         N/A       99%         5
 Dispersal                Tloc           1%         N/A       100%        6
 Iron Shot                Conj/Erth      1%         9d1       100%        6
 Simulacrum               Ice/Necr       1%         N/A       100%        6
 Animate Armour           Summ/Erth      Unusable   N/A       N/A         4

Dungeon Overview and Level Annotations

Branches:
Dungeon (7/15)             Temple (1/1) D:7         Ossuary (visited)

Altars:
Ashenzari
Cheibriados
Dithmenos
Fedhas
Hepliaklqana
Makhleb
Nemelex Xobeh
Okawaru
Qazlal
Sif Muna
Uskayaw
Wu Jian
Xom
Yredelemnul
Zin
The Shining One

Shops:
D:1 [


Innate Abilities, Weirdness & Mutations

You cannot wear most types of armour.
You are amphibious.
You can wear up to eight rings at the same time.
Your skin changes colour to match your surroundings (Stealth+).
Your rubbery body absorbs attacks. (AC +1, EV +1)
((You are camouflaged when in or above water. (Stealth+)))
You have tentacles for arms and can constrict up to eight enemies at once.
Your flesh is heat resistant. (rF+)
You are highly strong-willed. (Will++)
You expend magic power (3 MP) to strengthen your wands.


Message History

No target in view!
No target in view!
No target in view!
No target in view!
No target in view!
Your transformation is almost over.
Your primal bloodlust is almost over.
You howl as the wereblood boils in your veins!
Your primal bloodlust has ended.
Your tentacle spike disappears.
Things that are here:
a +0 club; a stone; a kobold corpse A bullfrog comes into view.
The bullfrog gives a loud, deep croak!
A bullfrog is nearby!
A bullfrog is nearby!
Found 3 stones.
The bullfrog barely misses you.
One of your tentacles grows a vicious spike.
The bullfrog barely misses you. The bullfrog closely misses you.
You bludgeon the bullfrog! You grab the bullfrog.
You pierce the bullfrog.
The bullfrog is severely wounded.
You constrict the bullfrog. The bullfrog misses you.
You bludgeon the bullfrog!
You kill the bullfrog!
No target in view!
You see here 3 stones.
Your transformation is almost over.
l - 21 poisoned darts (gained 5)
A centaur comes into view.
It is wielding a +0 sling and carrying a wand of light (11).
The centaur shouts!
The centaur shoots a sling bullet.
The sling bullet hits you!
Your tentacle spike disappears.
The centaur shoots a sling bullet.
The sling bullet hits you!
The centaur zaps a wand.
The bolt of light hits you!
You are confused.
The centaur shoots a sling bullet.
The sling bullet barely misses you.
You feel better.
The centaur shoots a sling bullet.
The sling bullet hits you!
The centaur shoots a sling bullet.
The sling bullet hits you!
* * * LOW HITPOINT WARNING * * *
The centaur zaps a wand.
The bolt of light hits you!
You die...

#. ## #. .. #. .# ##.
.## ########.. ..
.......... #. ########..
#.########## #(.
#.@........######..
..c......######.........
.........# ########.#
########.# #.# #.# #.#
... #.# ..# #.. ..# ...
#.#


You could see a centaur.

Vanquished Creatures
  Sigmund (D:6)
  A vampire mosquito (D:6)
  Menkaure (Ossuary)
  2 water moccasins (D:6)
  An ice beast (D:5)
  2 ogres (D:5)
  A kobold brigand (D:7)
  3 phantoms
  4 bullfrogs
  A necrophage (D:4)
  5 scorpions
  3 wights (D:6)
  7 hounds
  3 jellies
  2 orc priests
  2 iguanas
  3 mummies (Ossuary)
  8 adders
  A shadow imp (D:5)
  2 worms (D:2)
  3 dart slugs
  14 orcs
  8 ball pythons
  4 endoplasms
  4 giant cockroaches
  8 gnoll zombies (Ossuary)
  12 goblins
  7 hobgoblins
  10 jackals
  13 kobolds
  2 quokkas
  3 bats
  2 frilled lizards (D:3)
  8 gnoll skeletons (Ossuary)
  A goblin skeleton (Ossuary)
  6 goblin zombies (Ossuary)
  4 hobgoblin skeletons (Ossuary)
  2 hobgoblin zombies (Ossuary)
  3 kobold skeletons (Ossuary)
  A kobold zombie (Ossuary)
  5 orc skeletons (Ossuary)
  3 orc zombies (Ossuary)
  6 rats
  4 rat skeletons (Ossuary)
  5 rat zombies (Ossuary)
191 creatures vanquished.

Vanquished Creatures (others)
  A plant (D:6)
1 creature vanquished.

Grand Total: 192 creatures vanquished

Notes
Turn   | Place    | Note
-------+----------+-------------------------------------------
     0 | D:1      | Icepheonix32 the Octopode Transmuter began the quest for
                  | the Orb.
     0 | D:1      | Reached XP level 1. HP: 13/13 MP: 3/3
   154 | D:1      | Reached XP level 2. HP: 18/18 MP: 3/5
   476 | D:1      | Found Peaniod's Armour Shoppe.
   836 | D:1      | Reached XP level 3. HP: 23/23 MP: 6/6
   907 | D:2      | Got the Codex of Shifting Geology
   913 | D:2      | Learned a level 3 spell: Spider Form
   916 | D:2      | Learned a level 2 spell: Wereblood
  1164 | D:2      | Reached skill level 4 in Unarmed Combat
  1237 | D:2      | Reached XP level 4. HP: 28/28 MP: 5/7
  1257 | D:2      | Found a snail-covered altar of Cheibriados.
  1679 | D:2      | Found a faded altar of an unknown god.
  1920 | D:3      | Found a sparkling altar of Nemelex Xobeh.
  2471 | D:3      | Found a basalt altar of Yredelemnul.
  2471 | D:3      | Found a blossoming altar of Fedhas.
  2715 | D:3      | Found an iron altar of Okawaru.
  2839 | D:4      | Reached XP level 5. HP: 18/33 MP: 2/8
  3198 | D:4      | Reached skill level 1 in Poison Magic
  3256 | D:4      | Reached XP level 6. HP: 37/38 MP: 7/10
  3489 | D:4      | Found a faded altar of an unknown god.
  3784 | D:4      | Learned a level 5 spell: Blade Hands
  3795 | D:5      | Entered Level 5 of the Dungeon
  3972 | D:5      | Reached XP level 7. HP: 43/43 MP: 9/11
  3985 | D:5      | Reached skill level 5 in Unarmed Combat
  4066 | D:5      | HP: 1/43 [acid (4)]
  4425 | D:5      | Reached skill level 5 in Transmutations
  4826 | D:5      | Reached XP level 8. HP: 48/48 MP: 7/12
  4983 | D:6      | Found a stormy altar of Qazlal.
  5034 | D:6      | Reached skill level 6 in Unarmed Combat
  5070 | D:6      | Found a burning altar of Makhleb.
  5195 | D:6      | Noticed Sigmund
  5274 | D:6      | Killed Sigmund
  5333 | D:6      | Found a sand-covered staircase.
  5343 | Ossuary  | Entered an ossuary
  5412 | Ossuary  | Gained mutation: You are frail. (-10% HP) [mutagenic glow]
  5441 | Ossuary  | Gained mutation: You are dopey. (Int -2) [mutagenic glow]
  5573 | Ossuary  | Gained mutation: You are very dopey. (Int -4) [mutagenic
                  | glow]
  5584 | Ossuary  | Gained mutation: You are very frail. (-20% HP) [mutagenic
                  | glow]
  5819 | Ossuary  | Noticed Menkaure
  5826 | Ossuary  | Killed Menkaure
  5827 | Ossuary  | Reached skill level 7 in Unarmed Combat
  5943 | Ossuary  | Lost mutation: You are very dopey. (Int -4) [potion of
                  | mutation]
  5943 | Ossuary  | Lost mutation: You are very frail. (-20% HP) [potion of
                  | mutation]
  5943 | Ossuary  | Lost mutation: You are frail. (-10% HP) [potion of
                  | mutation]
  5943 | Ossuary  | Gained mutation: You are strong-willed. (Will+) [potion of
                  | mutation]
  5943 | Ossuary  | Gained mutation: You have an increased reservoir of magic.
                  | (+10% MP) [potion of mutation]
  5943 | Ossuary  | Gained mutation: You have a pair of small antennae on your
                  | head. [potion of mutation]
  5944 | Ossuary  | Lost mutation: You are dopey. (Int -2) [potion of mutation]
  5944 | Ossuary  | Lost mutation: You have an increased reservoir of magic.
                  | (+10% MP) [potion of mutation]
  5944 | Ossuary  | Lost mutation: You have a pair of small antennae on your
                  | head. [potion of mutation]
  5944 | Ossuary  | Gained mutation: Your flesh is heat resistant. (rF+)
                  | [potion of mutation]
  5944 | Ossuary  | Gained mutation: You expend magic power (3 MP) to
                  | strengthen your wands. [potion of mutation]
  5944 | Ossuary  | Gained mutation: You are highly strong-willed. (Will++)
                  | [potion of mutation]
  5956 | D:6      | Reached XP level 9. HP: 37/53 MP: 13/13
  6268 | D:6      | Found a broken altar of Ashenzari.
  7157 | D:6      | Reached skill level 8 in Unarmed Combat
  7337 | D:6      | Reached skill level 5 in Dodging
  7724 | D:7      | Found a staircase to the Ecumenical Temple.
  7856 | Temple   | Entered the Ecumenical Temple
  8419 | D:7      | Killed from afar by a centaur

Illustrated notes

Levels and vault maps discovered:
D:1:      reono_arrival_mine, layout_loops_ring, serial_shops, shop,
          chequers_decorated_corner, minmay_misc_feat_diagonals,
          minmay_tetromino_i2
D:2:      layout_basic, dilly_ecumenical_altar_fadedgnrine, basic_altar,
          minmay_stone_trees_small
D:3:      layout_loops_ring, mainiacjoe_overflow_big_doors,
          mainiacjoe_overflow_divided_tiny, kennysheep_generic_room_13
D:4:      minmay_wonky_spiral, layout_cave_pools, serial_column_ruins,
          column_ruins_temple_circle, column_ruins_open_tiny,
          column_ruins_open_tiny, column_ruins_open_medium_water
D:5:      layout_loops_ring
D:6:      cheibrodos_two_vegetables, layout_layer_cave, grunt_qazlal_clouds,
          old_standard_altar, bloody_makhleb, nicolae_ossuary_entry_ruins,
          uniq_sigmund
D:7:      layout_loops_ring, mainiacjoe_overflow_cross_hatched,
          minmay_temple_entry_purple_smoke, serial_shops, shop, uniq_duvessa
Temple:   nicolae_temple_godpark

Skill      XL: |  1  2  3  4  5  6  7  8  9 |
---------------+----------------------------+-----
Unarmed Combat | 4 5 7 8 |  8.6
Transmutations | 3 4 5 7 |  7.9
Poison Magic   | 1 2 3 |  3.0
Spellcasting   | 3 |  3.0
Dodging        | 3 4 5 |  5.2
Fighting       | |  1.0

Action                   |  1- 3 |  4- 6 |  7- 9 || total
-------------------------+-------+-------+-------++-------
Melee: Unarmed           |    58 |   109 |   216 ||   383
       Kick              |    15 |    29 |    48 ||    92
       Constrict         |    19 |    27 |    65 ||   111
       Tentacles         |    10 |    24 |    51 ||    85
       Punch             |     3 |     2 |    14 ||    19
Throw: Dart              |       |     3 |     6 ||     9
 Cast: Beastly Appendage |    15 |    31 |    24 ||    70
       Wereblood         |       |     2 |    14 ||    16
       Spider Form       |       |     1 |     2 ||     3
       Blade Hands       |       |       |     1 ||     1
  Use: Scroll            |       |     1 |    19 ||    20
       Potion            |       |     1 |     9 ||    10
 Stab: Sleeping          |     7 |     9 |     4 ||    20
       Confused          |       |       |     1 ||     1
Armor: Skin              |     4 |    23 |     9 ||    36
Dodge: Dodged            |    41 |    58 |   118 ||   217
